 Dungeon Crawl Stone Soup version 0.18.1-48-g4cf74bf (webtiles) character file.

128 Gargoyl the Skirmisher (level 4, -2/38 HPs)
             Began as a Demonspawn Abyssal Knight on Sept 5, 2016.
             Was a Believer of Lugonu.
             Slain by a hound skeleton (4 damage)
             ... on level 4 of the Dungeon.
             The game lasted 00:05:29 (3456 turns).

Gargoyl the Skirmisher (Demonspawn Abyssal Knight)  Turns: 3456, Time: 00:05:30

Health: -2/38      AC:  4    Str: 15    XL:     4   Next: 87%
Magic:  5/5        EV: 10    Int: 11    God:    Lugonu [**....]
Gold:   115        SH:  3    Dex: 11    Spells: 0 memorised, 3 levels left

rFire  . . .     SeeInvis .     a - +1 hand axe
rCold  . . .     Gourm    .     b - +0 leather armour
rNeg   . . .     Faith    .     e - +0 buckler
rPois  .         Spirit   .     (no helmet)
rElec  .         Dismiss  .     (no cloak)
rCorr  .         Reflect  .     (no gloves)
SustAt .         Harm     .     (no boots)
MR     .....                    (no amulet)
Stlth  +.........               (no ring)
                                (no ring)

@: drained, not resistant to hostile enchantments, very unstealthy
A: claws 1, rugged brown scales 1, clumsy 1, dopey 1, strong 1
a: Depart the Abyss, Bend Space, Renounce Religion


You were on level 4 of the Dungeon.
You worshipped Lugonu.
Lugonu was pleased with you.
You were hungry.

You visited 1 branch of the dungeon, and saw 4 of its levels.
You visited the Abyss 1 time.

You collected 115 gold pieces.

Inventory:

Hand Weapons
 a - a +1 hand axe (weapon)
Missiles
 j - 7 steel javelins (quivered)
Armour
 b - a +0 leather armour (worn)
 e - a +0 buckler (worn)
Scrolls
 d - a scroll of teleportation {unknown}
 f - 3 scrolls of identify {unknown}
 g - 2 scrolls of fog {unknown}
 i - 2 scrolls of remove curse {unknown}
 k - 2 scrolls of enchant armour {unknown}
 m - a scroll of enchant weapon {unknown}
 n - a scroll of blinking {unknown}
 o - a scroll of noise {unknown}
 q - a scroll of magic mapping {unknown}
Potions
 r - a potion of flight
Comestibles
 c - a bread ration
 p - 5 chunks of flesh


   Skills:
 + Level 4.2(3.3) Fighting
 + Level 2.5(1.7) Axes
 + Level 2.2(1.5) Armour
 + Level 2.0(1.2) Dodging
 + Level 0.4(0.0) Stealth
 + Level 0.1(0.0) Shields
 + Level 2.6(1.8) Invocations


You had 3 spell levels left.
You didn't know any spells.

Dungeon Overview and Level Annotations

Branches:
Dungeon (4/15)
 Temple: D:4-7

Altars:
Elyvilon
Xom

Annotations:
D:3 Snowbuddha's ghost, weakling SpAs


Innate Abilities, Weirdness & Mutations

You have sharp fingernails.
You are partially covered in rugged brown scales (AC +1, +3% HP).
You are clumsy. (Dex -2)
You are dopey. (Int -2)
Your muscles are strong. (Str +2)


Message History

* * * LOW HITPOINT WARNING * * *
The howler monkey bites you.
* * * LOW HITPOINT WARNING * * *
You barely miss the howler monkey.
The howler monkey is severely wounded.
The howler monkey hoots and howls with incredible vigour!
You closely miss the howler monkey.
The howler monkey is severely wounded.
The howler monkey misses you. The howler monkey closely misses you.
The howler monkey barely misses you. The howler monkey bites you.
* * * LOW HITPOINT WARNING * * *
A hound skeleton comes into view.
Unknown command.
You closely miss the howler monkey.
The howler monkey is severely wounded.
You barely miss the hound skeleton. You block the howler monkey's attack.
The howler monkey bites you.
* * * LOW HITPOINT WARNING * * *
The hound skeleton bites you.
You die...

####
...
###.# #
#.Z.#.#
#@h...#
#...#.#
##..#
.....
.#.###
...# #.
# .. ..


You could see a howler monkey and a hound skeleton.

Vanquished Creatures
  5 adders (D:2)
  2 oozes
  4 worms (D:2)
  2 dart slugs (D:1)
  7 bats
  2 giant cockroaches (D:3)
  11 goblins
  8 hobgoblins
  2 jackals (D:1)
  6 kobolds
  A quokka (D:2)
  3 giant newts
  8 rats
61 creatures vanquished.

Notes
Turn   | Place    | Note
--------------------------------------------------------------
     0 | Abyss:1  | Gargoyl the Demonspawn Abyssal Knight began the quest for the Orb.
     0 | Abyss:1  | Reached XP level 1. HP: 18/18 MP: 2/2
    95 | Abyss:1  | Noticed a wretched star
    95 | D:1      | Escaped the Abyss
   116 | D:1      | Reached * piety under Lugonu
   329 | D:1      | Gained mutation: You have sharp fingernails. [demonic ancestry]
   329 | D:1      | Reached XP level 2. HP: 24/24 MP: 3/3
   469 | D:1      | Reached skill level 1 in Dodging
   995 | D:1      | Reached XP level 3. HP: 23/29 MP: 4/4
  1915 | D:2      | Gained mutation: You are partially covered in rugged brown scales (AC +1, +3% HP). [demonic ancestry]
  1915 | D:2      | Reached XP level 4. HP: 14/38 MP: 5/5
  2169 | D:2      | Reached skill level 4 in Fighting
  2189 | D:2      | Reached ** piety under Lugonu
  2981 | D:2      | Found a white marble altar of Elyvilon.
  3393 | D:3      | Noticed Snowbuddha's ghost (weakling SpAs)
  3421 | D:3      | Gained mutation: Your muscles are strong. (Str +2) [potion of mutation]
  3421 | D:3      | Gained mutation: You are clumsy. (Dex -2) [potion of mutation]
  3421 | D:3      | Gained mutation: You are dopey. (Int -2) [potion of mutation]
  3444 | D:3      | Found a shimmering altar of Xom.
  3456 | D:4      | Slain by a hound skeleton

Skill      XL: |  1  2  3  4 |
---------------+-------------+-----
Dodging        | 1 2 |  2.0
Armour         | 2 |  2.2
Axes           | 2 |  2.5
Fighting       | 4 |  4.2
Stealth        | |  0.4
Shields        | |  0.1
Invocations    | |  2.6

Action                   |  1- 3 |  4- 6 || total
-------------------------+-------+-------++-------
Melee: Hand axe          |   140 |   121 ||   261
Invok: Depart the Abyss  |     1 |       ||     1
  Use: Potion            |     1 |     3 ||     4
 Stab: Sleeping          |     1 |       ||     1
  Eat: Chunk             |     3 |     5 ||     8
Armor: Leather armour    |    33 |    52 ||    85
Dodge: Dodged            |    73 |    79 ||   152
Block: Buckler           |     9 |    18 ||    27
